 Dungeon Crawl Stone Soup version 0.20-a0-1089-g3fde505 (webtiles) character file.

30 Chaoticas the Caller (level 3, 0/24 HPs)
             Began as a Barachi Summoner on May 3, 2017.
             Slain by an adder (1 damage)
             ... on level 2 of the Dungeon.
             The game lasted 00:05:43 (1383 turns).

Chaoticas the Caller (Barachi Summoner)             Turns: 1383, Time: 00:05:45

Health: 0/24       AC:  3    Str: 14    XL:     3   Next: 20%
Magic:  5/7        EV: 12    Int: 16    God:
Gold:   52         SH:  0    Dex: 12    Spells: 5/8 levels left

rFire    . . .     SeeInvis .   e - +0 dagger
rCold    . . .     Gourm    .   (no shield)
rNeg     . . .     Faith    .   g - +0 leather armour
rPois    .         Spirit   .   (no helmet)
rElec    .         Reflect  .   (no cloak)
rCorr    .         Harm     .   (no gloves)
MR       .....                  (no boots)
Stlth    +++.......             (no amulet)
Regen    0.1/turn               f - ring of stealth
MPRegen  0.1/turn               (no ring)

@: mighty, lethally poisoned (0 -> -4), slow
A: +LOS, swims, slowness 1, strong legs 1
a: Hop


You were on level 2 of the Dungeon.
You were hungry.

You visited 1 branch of the dungeon, and saw 2 of its levels.

You collected 52 gold pieces.

Inventory:

Hand Weapons
 e - a +0 dagger (weapon)
   (You took it off a goblin on level 1 of the Dungeon)
Missiles
 h - 6 javelins (quivered)
Armour
 a - a +0 robe
 g - a +0 leather armour (worn)
   (You found it on level 1 of the Dungeon)
Jewellery
 f - a ring of stealth (left hand)
   (You took it off a kobold on level 1 of the Dungeon)
Scrolls
 d - a scroll of immolation {unknown}
 i - a scroll of magic mapping {unknown}
Potions
 b - a potion of might
Books
 A - a book of Callings

   Spells                             Type                      Level
   a - Summon Small Mammal            Summoning                    1
   b - Call Imp                       Summoning                    2
   c - Call Canine Familiar           Summoning                    3
   d - Summon Guardian Golem          Hexes/Summoning              3
   e - Summon Lightning Spire         Summoning/Air                4
   f - Summon Ice Beast               Ice/Summoning                4
Comestibles
 c - a bread ration
 Z - 5 chunks of flesh


   Skills:
 - Level 2.1 Dodging
 - Level 1.7 Stealth
 * Level 3.0 Spellcasting
 * Level 5.4 Summonings


You had 5 spell levels left.
You knew the following spells:

 Your Spells              Type           Power        Failure   Level  Hunger
a - Summon Small Mammal   Summ           ###.         2%          1    #......
b - Call Imp              Summ           ###.....     3%          2    ##.....


Dungeon Overview and Level Annotations

Branches:
Dungeon (2/15)

Altars:


Innate Abilities, Weirdness & Mutations

Shadows flee at your approach. (+LOS)
You can swim through water.
You cover ground slowly.
You can hop short distances.


Message History

Confirm with . or Enter, or press ? or * to list all spells.
A shadowy apparition takes form in the air.
The adder misses you. The adder closely misses you.
Your crimson imp hits the adder.
The adder bites you but does no damage. The adder bites you.
Your crimson imp completely misses the adder.
You miss the adder.
The adder is lightly wounded.
The adder barely misses you.
Your crimson imp hits the adder but does no damage.
You closely miss the adder.
The adder is lightly wounded.
The adder bites you. The adder completely misses you.
Your crimson imp hits the adder.
You hit the adder.
The adder is heavily wounded.
The adder closely misses you.
Your crimson imp closely misses the adder.
You hit the adder.
The adder is severely wounded.
The adder barely misses you.
Your crimson imp blinks!
You closely miss the adder.
The adder is severely wounded.
The adder misses you. The adder bites you.
* * * LOW HITPOINT WARNING * * *
You hit the adder but do no damage.
The adder is severely wounded.
The adder bites you but does no damage.
You completely miss the adder.
The adder is severely wounded.
The adder bites you.
* * * LOW HITPOINT WARNING * * *
You closely miss the adder.
The adder is severely wounded.
The adder bites you.
* * * LOW HITPOINT WARNING * * *
You are lethally poisoned!
The adder poisons you!
* * * LOW HITPOINT WARNING * * *
You feel sick. The adder bites you.
* * * LOW HITPOINT WARNING * * *
* * * LOW HITPOINT WARNING * * *
You feel sick. The adder barely misses you.
It was a potion of might.
You feel very mighty all of a sudden.
Your shadow imp closely misses the adder.
The adder bites you.
You die...

#.?.............
###?...........#..
..................
####.......###.##.#
#.......###.##.#
#..........#...#
#.##.######5# #. #.
##S## # #. ##.@.##
#. ##.....## #.
#.....<.# #.
#....(....#
#...............
###..............#
##..............
##.....##>.....
##...## .....#


You could see an adder and a friendly shadow imp.

Vanquished Creatures
  A bat (D:1)
  A jackal (D:1)
  A frilled lizard (D:1)
  A kobold (D:1)
4 creatures vanquished.

Vanquished Creatures (collateral kills)
  An adder (D:2)
  2 dart slugs (D:1)
  4 bats
  2 giant cockroaches (D:1)
  3 goblins (D:1)
  5 hobgoblins (D:1)
  4 jackals
  2 frilled lizards (D:1)
  A kobold (D:1)
  6 rats (D:1)
30 creatures vanquished.

Grand Total: 34 creatures vanquished

Notes
Turn   | Place    | Note
-------+----------+-------------------------------------------
     0 | D:1      | Chaoticas the Barachi Summoner began the quest for the Orb.
     0 | D:1      | Reached XP level 1. HP: 13/13 MP: 3/3
   290 | D:1      | Reached skill level 5 in Summonings
   515 | D:1      | Reached XP level 2. HP: 16/19 MP: 2/5
   525 | D:1      | Learned a level 2 spell: Call Imp
  1317 | D:2      | Reached XP level 3. HP: 24/24 MP: 4/7
  1340 | D:2      | Reached skill level 3 in Spellcasting
  1377 | D:2      | HP: 12/24 [adder (2)]
  1381 | D:2      | HP: 5/24 [poisoned by an adder]
  1381 | D:2      | HP: 2/24 [adder (3)]
  1383 | D:2      | Slain by an adder

Vault maps used:
D:1:      lemuel_arrival_rhombus
D:2:      chequers_ecumenical_altar_simple_redux

Skill      XL: |  1  2  3 |
---------------+----------+-----
Summonings     | 5 |  5.4
Spellcasting   | 3 |  3.0
Dodging        | |  2.1
Stealth        | |  1.7

Action                   || total
-------------------------++-------
Melee: Unarmed           ||    10
       Dagger            ||    39
 Cast: Summon Small Mamm ||    48
       Call Imp          ||     5
  Use: Potion            ||     1
 Stab: Sleeping          ||     1
  Eat: Chunk             ||     2
Armor: Robe              ||     5
       Leather armour    ||    16
Dodge: Dodged            ||    50
